 Dungeon Crawl Stone Soup version 0.29.0-7-g18a832c13a (webtiles) character file.

Game seed: 7811011824056433629

37 Zeldest the Sneak (level 3, -2/34 HPs)
             Began as a Naga Delver on Aug 30, 2022.
             Splashed by a jelly's acid (7 damage)
             ... on level 3 of the Dungeon.
             The game lasted 00:04:32 (471 turns).

Zeldest the Sneak (Naga Delver)                      Turns: 471, Time: 00:04:33

Health: -2/34      AC:  3    Str: 14    XL:     3   Next: 39%
Magic:  4/4        EV:  9    Int: 12    God:
Gold:   75         SH:  0    Dex: 12    Spells: 3/3 levels left

rFire   . . .      SeeInvis +   a - +0 hand axe
rCold   . . .      Faith    .   (no shield)
rNeg    . . .      Spirit   .   b - +0 leather armour
rPois   +          Reflect  .   d - +0 helmet
rElec   .          Harm     .   (no cloak)
rCorr   .          Rampage  .   (no gloves)
Will    .....                   (no barding)
Stlth   +++.......              (no amulet)
HPRegen 0.11/turn               (no ring)
MPRegen 0.09/turn               (no ring)

@: hasted, quick
A: AC +1, large, see invisible, deformed body, poison resistance, slowness 2,
spit poison 1, naga tail 1
a: Spit Poison


You were on level 3 of the Dungeon.
You visited 1 branch of the dungeon, and saw 3 of its levels.

You collected 75 gold pieces.

Inventory:

Hand Weapons
 a - a +0 hand axe (weapon)
 m - a +0 war axe
Armour
 b - a +0 leather armour (worn)
 d - a +0 helmet (worn)
Wands
 g - a wand of digging (3)
Scrolls
 c - a scroll of fog
 e - 2 scrolls of fear
 h - a scroll of acquirement {unknown}
 i - a scroll of enchant weapon {unknown}
 l - a scroll of torment {unknown}
 n - a scroll of identify {unknown}
 o - a scroll of teleportation {unknown}
Potions
 j - a potion of curing {unknown}
 k - a potion of heal wounds {unknown}


   Skills:
 - Level 3.0 Fighting
 - Level 2.1 Axes
 - Level 1.5 Dodging
 - Level 7.2 Stealth
 + Level 0.0 Unarmed Combat
 + Level 0.8 Spellcasting
 * Level 1.5 Transmutations
 * Level 1.5 Earth Magic


You had 3 spell levels left.
You didn't know any spells.
Your spell library contained the following spells:

 Spells                   Type           Power      Damage    Failure   Level
 Confusing Touch          Hex            0%         N/A       75%         3
 Petrify                  Tmut/Erth      4%         N/A       91%         4
 Metabolic Englaciation   Hex/Ice        0%         N/A       100%        5
 Yara's Violent Unravell  Hex/Tmut       1%         3d3       100%        5
 Statue Form              Tmut/Erth      2%         N/A       100%        6
 Enfeeble                 Hex            0%         N/A       100%        7


Dungeon Overview and Level Annotations

Branches:
Dungeon (5/15)             Temple (0/1) D:5

Altars:


Innate Abilities, Weirdness & Mutations

Your serpentine skin is tough. (AC +1)
You have supernaturally acute eyesight. (SInv)
Armour fits poorly on your strangely shaped body.
Your system is resistant to poisons. (rPois)
You cover ground very slowly.
You can spit poison.
You have a snake-like lower body.


Message History

You kill the goblin!
Aiming: Spit Poison (2% risk of failure)
Press: ? - help, Q - select action Shift-Dir - straight line, f - endoplasm
Aim: an endoplasm (asleep, 100% to hit)
The splash of poison hits the endoplasm.
The endoplasm is lightly wounded.
The endoplasm quivers.
You barely miss the endoplasm.
The endoplasm is lightly wounded.
The endoplasm barely misses you.
You hit the endoplasm.
The endoplasm is moderately wounded.
The endoplasm hits you but does no damage.
The endoplasm closely misses you.
You slash the endoplasm!
You kill the endoplasm!
You have got your breath back.
You open the door.
Found 3 gold pieces.
There is an open door here.
A jelly comes into view.
Aiming: Spit Poison (2% risk of failure)
Press: ? - help, Q - select action Shift-Dir - straight line, f - jelly
Aim: a jelly (wandering, hasn't noticed you, 100% to hit)
The splash of poison hits the jelly.
The jelly is poisoned.
The jelly is moderately wounded.
The jelly quivers.
You hit the jelly.
Your hands burn!
The jelly is moderately wounded.
The jelly hits you.
You are splashed with acid!
You hit the jelly.
Your hands burn!
The jelly is heavily wounded.
The jelly looks more healthy.
The jelly hits you.
You are splashed with acid!
* * * LOW HITPOINT WARNING * * *
You feel yourself speed up.
You have got your breath back.
The jelly hits you.
* * * LOW HITPOINT WARNING * * *
You are splashed with acid!
You die...

#......#
#.###..##
#.##....#####
#...>#......#
####....###..#
####.##.#
#....# ...
##'#### ###..
#.@.# .# #.J.#
# #...# #...#
#.... #$....
#......
#.......
#.......#


You could see a jelly.

Vanquished Creatures
  2 adders (D:4)
  An ufetubus (D:4)
  An orc (D:4)
  3 endoplasms
  3 goblins
  3 ball pythons (D:4)
13 creatures vanquished.

Notes
Turn   | Place    | Note
-------+----------+-------------------------------------------
     0 | D:5      | Zeldest the Naga Delver began the quest for the Orb.
     0 | D:5      | Reached XP level 1. HP: 21/21 MP: 1/1
    50 | D:5      | Noticed a hound
    96 | D:4      | Reached XP level 2. HP: 27/28 MP: 2/2
   136 | D:4      | Reached skill level 1 in Transmutations
   136 | D:4      | Reached skill level 1 in Earth Magic
   243 | D:4      | Reached XP level 3. HP: 34/34 MP: 3/3
   376 | D:5      | Noticed an ogre
   471 | D:3      | Splashed by a jelly's acid

Illustrated notes

Levels and vault maps discovered:
D:3:      layout_basic, zin_academy, uniq_crazy_yiuf_cottage
D:4:      layout_basic
D:5:      layout_basic, minmay_temple_entry_junction_2, uniq_pikel

Skill      XL: |  1  2 |
---------------+-------+-----
Transmutations | 1 |  1.5
Earth Magic    | 1 |  1.5
Fighting       | |  3.0
Axes           | |  2.1
Dodging        | |  1.5
Stealth        | |  7.2
Spellcasting   | |  0.8

Action                   || total
-------------------------++-------
Melee: Hand axe          ||    22
 Abil: Spit Poison       ||    12
  Use: Scroll            ||     1
       Potion            ||     1
 Stab: Sleeping          ||     2
Armor: Leather armour    ||     8
Dodge: Dodged            ||     9
